Map: Порт Александр РВ

Players

Murena - Winner!

  • Race: Terran Terran
  • League: Bronze
  • Spawn Location: 11:00

ИИ 1 (эксперт)

  • Race: Protoss Protoss
  • Spawn Location: 5:00

VOD

Have the link to the VOD?

Description

Time

  • Played on: Nov. 11, 2018, 9:59 p.m.
  • Length: 4:52
Show
View Real Time Build Order
Export as new Build Order

Murena Terran - Winner!

Build Orders:  

Get SALT Encoding   

  12  0:01  SCV  
  13  0:13  SCV  
  14  0:19  Supply Depot  
  14  0:29  SCV  
  15  0:41  SCV  
  15  0:42  Barracks  
  16  0:54  Barracks  
  16  0:56  SCV  
  17  1:11  Barracks  
  17  1:12  SCV  
  18  1:24  SCV  
  19  1:27  Supply Depot  
  19  1:30  Marine  
  20  1:36  SCV  
  21  1:42  Marine  
  22  1:49  Barracks  
  22  1:52  Marine  
  23  1:58  Marine  
  24  2:07  Barracks  
  24  2:09  Marine  
  24  2:11  Marine  
  26  2:18  Marine  
  26  2:20  Supply Depot  
  27  2:27  Marine  
  28  2:33  Marine  
  28  2:36  SCV  
  30  2:38  Marine  
  30  2:41  Marine  
  32  2:45  Marine  
  32  2:50  Orbital Command  
  33  3:03  Marine  
  33  3:04  Marine x4  
Show
View Real Time Build Order
Export as new Build Order

ИИ 1 (эксперт) Protoss 

Build Orders:  

Get SALT Encoding   

  12  0:00  Probe  
  13  0:13  Probe  
  14  0:21  Pylon  
  14  0:25  Probe  
  15  0:35  Probe  
  16  0:43  Gateway  
  16  0:44  Probe  
  17  0:50  Assimilator  
  17  0:52  Probe  
  18  1:00  Probe  
  18  1:03  Pylon  
  18  1:08  Probe  
  20  1:20  Probe  
  21  1:30  Zealot  
  21  1:32  Probe, Cybernetics Core  
  24  1:44  Probe  
  25  1:51  Zealot  
  25  1:58  Gateway  
  25  2:01  Pylon  
  27  2:02  Probe  
  28  2:21  Warp Gate  
  28  2:27  Nexus  
  28  2:34  Probe  
  29  2:40  Assimilator  
  29  2:44  Adept  
  29  2:46  Probe  
  32  2:54  Adept  
  34  2:58  Probe  
  34  3:05  Adept, Pylon  
  35  3:10  Probe  
  38  3:22  Stalker  
  38  3:23  Probe  
  41  3:35  Probe  
  41  3:39  Probe  
  41  3:45  Robotics Facility  
  41  3:47  Probe  
  38  3:51  Zealot  
  34  3:59  Probe  
  26  4:04  Probe  
Tags
 
Add a new tag
Caveats
  • Supply blocks, unpowered buildings, or Contaminate may cause inaccurate times.
  • Supply counts are checked every 10 seconds.